 Dungeon Crawl Stone Soup version 0.22.0 (webtiles) character file.

6579 Blackhawk the Fighter (level 10, -6/141 HPs)
             Began as a Minotaur Berserker on Nov 3, 2018.
             Was a High Priest of Trog.
             Killed from afar by a steam dragon (10 damage)
             ... with a ball of steam
             ... on level 9 of the Dungeon.
             The game lasted 00:17:09 (10113 turns).

Blackhawk the Fighter (Minotaur Berserker)         Turns: 10113, Time: 00:17:09

Health: -6/141     AC:  8    Str: 30    XL:     10   Next: 71%
Magic:  9/9        EV: 10    Int:  4    God:    Trog [*****.]
Gold:   589        SH: 18    Dex: 13    Spells: 9/9 levels left

rFire    x . .     SeeInvis .   u - +3 mace of True Grit {speed, +Fly rF- MR++ Dex+3}
rCold    . . .     Gourm    .   y - +0 large shield
rNeg     . . .     Faith    .   B - +0 ring mail (curse)
rPois    .         Spirit   .   (helmet restricted)
rElec    .         Reflect  .   (no cloak)
rCorr    .         Harm     .   i - +0 pair of gloves
MR       ++...                  (no boots)
Stlth    ..........             (no amulet)
HPRegen  0.33/turn              (no ring)
MPRegen  0.11/turn              (no ring)

@: berserking, very quick
A: retaliatory headbutt, horns 2
a: Berserk, Trog's Hand, Brothers in Arms, Renounce Religion, Evoke Flight


You were on level 9 of the Dungeon.
You worshipped Trog.
Trog was extremely pleased with you.
You were very hungry.

You visited 1 branch of the dungeon, and saw 9 of its levels.

You collected 589 gold pieces.

Inventory:

Hand Weapons
 a - a +0 hand axe
 q - a +0 flail of draining
 u - the +3 mace of True Grit (weapon) {speed, +Fly rF- MR++ Dex+3}
   (You found it on level 4 of the Dungeon)

   Attacks with this weapon are significantly faster.
   It affects your dexterity (+3).
   It makes you vulnerable to fire.
   It affects your resistance to hostile enchantments.
   It lets you fly.
Missiles
 h - 42 sling bullets
 s - 57 bolts
 w - 114 arrows
Armour
 b - a +0 animal skin
 i - a +0 pair of gloves (worn)
 y - a +0 large shield (worn)
 B - a cursed +0 ring mail (worn)
Jewellery
 z - an uncursed ring of ice {unknown}
 E - a +6 ring of protection {unknown}
 F - an uncursed amulet of magic regeneration {unknown}
 H - a +3 ring of intelligence {unknown}
 L - a +3 ring of protection {unknown}
 M - an uncursed ring of positive energy {unknown}
Wands
 p - a wand of flame (34)
 D - a wand of paralysis (47)
 K - a wand of acid (6)
 N - a wand of digging (6)
Scrolls
 e - 7 scrolls of identify {unknown}
 f - a scroll of enchant weapon {unknown}
 g - a scroll of teleportation {unknown}
 k - 3 scrolls of amnesia {unknown}
 o - 3 scrolls of enchant armour {unknown}
 r - 2 scrolls of blinking {unknown}
 v - 3 scrolls of remove curse {unknown}
 x - a scroll of noise {unknown}
 I - 2 scrolls of random uselessness {unknown}
Potions
 d - a potion of invisibility {unknown}
 j - 2 potions of haste
 l - a potion of lignification
 m - a potion of agility {unknown}
 n - a potion of curing
 t - 2 potions of flight {unknown}
 A - a potion of might
 C - 2 potions of cancellation {unknown}
 G - a potion of resistance {unknown}
 J - a potion of ambrosia {unknown}
 P - 2 potions of degeneration {unknown}
Miscellaneous
 O - a box of beasts
Comestibles
 c - 14 rations


   Skills:
 + Level 10.4 Fighting
 - Level 5.6(8.0) Axes
 + Level 8.7(9.4) Maces & Flails
 + Level 10.1 Armour
 - Level 5.4 Dodging
 + Level 8.0 Shields
 + Level 0.5 Evocations


You had 9 spell levels left.
You didn't know any spells.
Your spell library was empty.

Dungeon Overview and Level Annotations

Branches:
Dungeon (9/15)             Temple (0/1) D:7            Lair (0/6) D:8
    Orc: D:9-12

Altars:
Ashenzari
Vehumet

Shops:
D:4 (

Annotations:
D:4 3 runed doors, Blackhawk's ghost, amateur DrCj; centipede's ghost, amateur DrCj


Innate Abilities, Weirdness & Mutations

You reflexively headbutt those who attack you in melee.
You have a pair of horns on your head.


Message History

The fungus is engulfed in a cloud of scalding steam.
You block the steam dragon's attack. x4
You hit the steam dragon.
The steam dragon is almost dead.
The fungus is engulfed in a cloud of scalding steam. x3
You barely miss the steam dragon. Your headbutt misses the steam dragon.
The steam dragon is almost dead.
You are engulfed in a cloud of scalding steam.
The fungus is engulfed in a cloud of scalding steam. x2
You block the steam dragon's attack. x2; The steam dragon bites you.
* * * LOW HITPOINT WARNING * * *
You block the steam dragon's attack.
You hit the steam dragon.
You kill the steam dragon!
Trog accepts your kill.
Your Shields skill increases to level 8!
The fungus is engulfed in a cloud of scalding steam.
The steam dragon breathes steam at you. The ball of steam hits you!
The steam scalds you terribly!
You die...

##.########...#####..#
#...#.# ### #...# #..#
##..#.# #...# #..####..#.##
##### #...........# ##.P.#
#.#####..#..## #..
##P.≈≈P## #.....########
#.#
#P≈...P≈#########.P≈.P.P
#.#
#^....PP..P≈.≈≈^P.......
#.#
#......@..§.......^P≈P.≈
#.#
#####P...PPD...≈P#######PPP
#.# #...#..PP.≈####### ###P
#.# #.#####^P### ##
#.####.#########
##...........##.#
#........######.#
#.####...#####..# #.#
###........#


You could see a steam dragon.

Vanquished Creatures
  Harold (D:8)
  2 two-headed ogres
  Pikel (D:7)
  2 wyverns (D:8)
  Grum (D:8)
  A steam dragon (D:9)
  6 ice beasts
  2 slaves (D:7)
  A swamp drake (D:8)
  3 sky beasts
  2 centaurs
  4 wolves (D:8)
  A phantom (D:8)
  2 ogres
  4 crocodiles
  2 bullfrogs
  A wyvern zombie (D:5)
  A water moccasin skeleton (D:4)
  3 scorpions
  A howler monkey (D:8)
  2 centaur zombies
  3 bullfrog skeletons
  2 orc priests (D:8)
  5 hounds
  3 iguanas
  2 jellies (D:5)
  6 orc wizards
  A gnoll shaman (D:5)
  6 worker ants
  2 hound zombies
  A worker ant zombie (D:5)
  Robin (D:2)
  20 gnolls
  7 adders
  2 shadow imps
  An ooze (D:7)
  An adder zombie (D:5)
  2 adder skeletons
  2 worms
  4 dart slugs
  5 leopard geckos
  23 orcs
  8 giant cockroaches
  14 goblins
  9 hobgoblins
  12 jackals
  A quokka (D:2)
  6 ball pythons
  4 bats
  11 frilled lizards
  9 kobolds
  A leopard gecko zombie (D:7)
  A quokka skeleton (D:5)
  A quokka zombie (D:6)
  10 rats
229 creatures vanquished.

Vanquished Creatures (others)
  A slave (D:8)
  An orc (D:8)
  2 withered plants (D:4)
4 creatures vanquished.

Grand Total: 233 creatures vanquished

Notes
Turn   | Place    | Note
-------+----------+-------------------------------------------
     0 | D:1      | Blackhawk the Minotaur Berserker began the quest for the Orb.
     0 | D:1      | Reached XP level 1. HP: 19/19 MP: 0/0
   124 | D:1      | Reached XP level 2. HP: 22/27 MP: 1/1
   645 | D:1      | Reached ** piety under Trog
   736 | D:1      | Reached XP level 3. HP: 31/33 MP: 2/2
  1204 | D:2      | Noticed Robin
  1209 | D:2      | Killed Robin
  1344 | D:2      | Reached XP level 4. HP: 41/41 MP: 3/3
  1568 | D:2      | Reached *** piety under Trog
  2091 | D:3      | Reached XP level 5. HP: 47/47 MP: 4/4
  2709 | D:3      | Reached **** piety under Trog
  2922 | D:4      | Reached skill level 5 in Fighting
  3053 | D:4      | Reached skill level 5 in Axes
  3148 | D:4      | Reached XP level 6. HP: 56/56 MP: 5/5
  3166 | D:4      | Found a shattered altar of Ashenzari.
  3223 | D:4      | Got a crude mace
  3224 | D:4      | Identified the +3 mace of True Grit {speed, +Fly rF- MR++ Dex+3} (You found it on level 4 of the Dungeon)
  3258 | D:4      | Found a runed gate.
  3258 | D:4      | Found a runed gate.
  3264 | D:4      | Found a runed gate.
  3264 | D:4      | Noticed centipede's ghost (amateur DrCj)
  3264 | D:4      | Noticed Blackhawk's ghost (amateur DrCj)
  3670 | D:4      | Reached skill level 5 in Armour
  3834 | D:4      | Found Hasatuud's Weapon Emporium.
  4237 | D:5      | Entered Level 5 of the Dungeon
  4281 | D:5      | Reached XP level 7. HP: 62/62 MP: 6/6
  4289 | D:5      | Reached skill level 1 in Maces & Flails
  4532 | D:5      | Reached skill level 5 in Dodging
  4864 | D:5      | Reached XP level 8. HP: 71/71 MP: 7/7
  5016 | D:5      | Reached skill level 1 in Shields
  6333 | D:7      | Found a staircase to the Ecumenical Temple.
  6385 | D:7      | Reached ***** piety under Trog
  6618 | D:7      | Reached skill level 5 in Maces & Flails
  7240 | D:8      | Reached XP level 9. HP: 79/81 MP: 8/8
  7293 | D:8      | Found a radiant altar of Vehumet.
  7302 | D:8      | Noticed Grum
  7333 | D:8      | Killed Grum
  7333 | D:8      | Reached skill level 5 in Shields
  7354 | D:8      | HP: 5/123 [poisoned by a scorpion]
  7849 | D:8      | Received a gift from Trog
  7855 | D:8      | Noticed a two-headed ogre
  7858 | D:8      | Noticed Pikel
  8180 | D:7      | Killed a two-headed ogre
  8301 | D:7      | Killed Pikel
  8301 | D:7      | Reached XP level 10. HP: 76/91 MP: 9/9
  8507 | D:8      | Noticed a two-headed ogre
  8516 | D:8      | Killed a two-headed ogre
  9211 | D:8      | Found a staircase to the Lair.
  9261 | D:8      | Reached skill level 10 in Fighting
  9467 | D:8      | Noticed Harold
  9477 | D:8      | Killed Harold
  9477 | D:8      | Reached skill level 10 in Armour
 10111 | D:9      | HP: 4/141 [steam dragon (6)]
 10113 | D:9      | Killed from afar by a steam dragon

Skill      XL: |  1  2  3  4  5  6  7  8  9 10 |
---------------+-------------------------------+-----
Fighting       | 4 5 6 7 9 10 | 10.4
Axes           | 4 5 |  5.6
Armour         | 3 4 5 6 7 9 10 | 10.1
Dodging        | 3 4 5 |  5.4
Maces & Flails | 3 5 7 8 |  8.7
Shields        | 4 6 8 |  8.0
Evocations     | |  0.5

Action                   |  1- 3 |  4- 6 |  7- 9 | 10-12 || total
-------------------------+-------+-------+-------+-------++-------
Melee: Hand axe          |    97 |    68 |       |       ||   165
       Headbutt          |    15 |    28 |    70 |    30 ||   143
       Flail             |       |    36 |       |       ||    36
       Mace              |       |    28 |   300 |    97 ||   425
Invok: Berserk           |       |     2 |     3 |     2 ||     7
  Use: Potion            |       |       |     4 |     1 ||     5
  Eat: Chunk             |     1 |    10 |    17 |     3 ||    31
       Ration            |       |       |       |     1 ||     1
Armor: Animal skin       |    14 |    28 |     5 |       ||    47
       Ring mail         |       |       |    34 |     9 ||    43
       Skin              |       |       |    11 |       ||    11
Dodge: Dodged            |    51 |    93 |    82 |    23 ||   249
Block: Large shield      |       |       |   166 |    58 ||   224
